 Dungeon Crawl Stone Soup version 0.30-a0-1103-g25895a7845 (webtiles) character file.

Game seed: 14717192062473296854

65 Jeffwins the Chucker (level 4, -2/32 HPs)
             Began as a Human Wanderer on Apr 18, 2023.
             Slain by a black bear (5 damage)
             ... on level 2 of the Dungeon.
             The game lasted 00:02:44 (1646 turns).

Jeffwins the Chucker (Human Wanderer)               Turns: 1646, Time: 00:02:44

Health: -2/32      AC:  3    Str: 16    XL:     4   Next: 35%
Magic:  0/6        EV: 11    Int: 19    God:
Gold:   55         SH:  0    Dex: 10    Spells: 5/6 levels left

rFire   . . .      SeeInvis .    a - +0 dagger
rCold   . . .      Faith    .    (no shield)
rNeg    . . .      Spirit   .    e - +0 leather armour
rPois   .          Reflect  .    (no helmet)
rElec   .          Rampage  .    (no cloak)
rCorr   .                        (no gloves)
Will    +....                    (no boots)
Stlth   +                        (no amulet)
HPRegen 0.25/turn                h - ring of willpower
MPRegen 0.10/turn                I - +6 ring of intelligence

@: no status effects
A: no striking features
a: no special abilities


You were on level 2 of the Dungeon.
You visited 1 branch of the dungeon, and saw 2 of its levels.

You collected 55 gold pieces.


   Skills:
 + Level 1.5 Fighting
 + Level 3.2 Throwing
 - Level 1.0 Dodging
 + Level 1.5 Stealth
 * Level 1.7 Spellcasting
 * Level 2.6 Conjurations
 * Level 1.5 Fire Magic
 - Level 1.0 Invocations


You had 5 spell levels left.
You knew the following spells:

 Your Spells              Type           Power      Damage    Failure   Level
z - Foxfire               Conj/Fire      36%        2x1d5     9%          1

Your spell library contained the following spells:

 Spells                   Type           Power      Damage    Failure   Level
 Magic Dart               Conj           44%        1d5       8%          1
 Summon Small Mammal      Summ           4%         N/A       22%         1
 Cigotuvi's Dreadful Rot  Necr/Pois/Air  2%         N/A       32%         2
 Volatile Blastmotes      Fire/Tloc      8%         2d10      43%         3
 Ignite Poison            Fire/Tmut/Pois 3%         N/A       45%         3
 Call Canine Familiar     Summ           1%         N/A       54%         3
 Summon Guardian Golem    Hex/Summ       1%         N/A       54%         3
 Flame Wave               Conj/Fire      9%         2d6       65%         4
 Fulminant Prism          Conj/Hex       3%         3d5       77%         4
 Iskenderun's Mystic Bla  Conj/Tloc      6%         2d4       77%         4
 Freezing Cloud           Conj/Ice/Air   2%         6-21      99%         5
 Lee's Rapid Deconstruct  Erth           0%         3d4*      99%         5

Inventory:

Hand Weapons
 a - a +0 dagger (weapon)
Missiles
 b - 13 poisoned darts (quivered)
Armour
 e - a +0 leather armour (worn)
Jewellery
 h - a ring of willpower (left hand)
 I - a +6 ring of intelligence (right hand)
Scrolls
 f - a scroll of identify {unknown}
 g - a scroll of enchant weapon {unknown}
 j - 2 scrolls of teleportation {unknown}
 k - a scroll of torment {unknown}
 l - 2 scrolls of immolation {unknown}
 m - a scroll of summoning {unknown}
Potions
 c - 3 potions of curing {@q1}
 d - a potion of lignification {!q}
 i - a potion of berserk rage {unknown}
 n - a potion of brilliance {unknown}

Dungeon Overview and Level Annotations

Branches:
Dungeon (2/15)

Altars:

Shops:
D:2

= ....# .. #.# ....#
########.# ....#
.........# ....# ####+##
######..## ##### #.....#
####...# .
#.....####....#.# ..
#..........####.# ...
#..§......## #.# ....
##..@.....# #.# .....
#.h.§....#####+##
......##................
....h.'....#####........
......###### #........
..... #........ ....
#........ ... #........
.. #........


You could see a black bear (berserk).


Message History

You hit the black bear.
The black bear is almost dead.
The black bear bites you.
* * * LOW HITPOINT WARNING * * *
The black bear misses you. The black bear claws you.
* * * LOW HITPOINT WARNING * * *
The black bear barely misses you.
The black bear claws you but does no damage.
The black bear barely misses you.
Casting: Foxfire (safe; 9% risk of failure)
Confirm with . or Enter, or press ? or * to list all spells.
You conjure some foxfire!
The black bear closely misses you. The black bear barely misses you.
The black bear claws you.
* * * LOW HITPOINT WARNING * * *
Unknown command.
Unknown command.
You barely miss the black bear.
The black bear is almost dead.
The foxfire hits the black bear.
The black bear is almost dead.
The foxfire hits the black bear but does no damage.
The black bear is almost dead.
The black bear bites you.
* * * LOW HITPOINT WARNING * * *
The black bear claws you but does no damage.
The black bear barely misses you. The black bear closely misses you.
The black bear claws you.
* * * LOW HITPOINT WARNING * * *
The black bear claws you.
You die...

Skill      XL: |  1  2  3 |
---------------+----------+-----
Fire Magic     | 1 |  1.5
Fighting       | |  1.5
Throwing       | |  3.2
Dodging        | |  1.0
Stealth        | |  1.5
Spellcasting   | |  1.7
Conjurations   | |  2.6
Invocations    | |  1.0

Action                     |  1- 3 |  4- 6 || total
---------------------------+-------+-------++-------
  Melee: Dagger            |    67 |     8 ||    75
   Cast: Foxfire           |    44 |    18 ||    62
 Armour: Leather armour    |    29 |     3 ||    32
  Dodge: Dodged            |    49 |    14 ||    63

Levels and vault maps discovered:
D:1:      eino_arrival_water_cross, layout_rooms,
          dreamdust_ecumenical_altar_sealed_demon, hangedman_decor_peaks_small,
          minmay_misc_feat_ornament
D:2:      layout_basic, serial_shops, nicolae_shop_tiny_glass, moated_statue

Notes
Turn   | Place    | Note
-------+----------+-------------------------------------------
     0 | D:1      | Jeffwins the Human Wanderer began the quest for the Orb.
     0 | D:1      | Jeffwins set off with the following items: a +0 dagger, 13
                  | poisoned darts, a potion of curing {@q1}, a potion of
                  | lignification {!q}, a +0 leather armour; and the following
                  | spells available to memorise: Magic Dart, Foxfire, Flame
                  | Wave.
     0 | D:1      | Reached XP level 1. HP: 15/15 MP: 2/2
     2 | D:1      | Learned a level 1 spell: Foxfire
   182 | D:1      | Reached XP level 2. HP: 16/21 MP: 0/3
   572 | D:1      | Reached XP level 3. HP: 22/26 MP: 5/5
   664 | D:1      | Found a faded altar of an unknown god.
   907 | D:2      | Reached skill level 1 in Fire Magic
  1314 | D:2      | Reached XP level 4. HP: 32/32 MP: 0/6
  1509 | D:2      | Found Ongoporiki's Jewellery Boutique.
  1631 | D:2      | Noticed a black bear
  1646 | D:2      | HP: 3/32 [black bear (3)]
  1646 | D:2      | Slain by a black bear

Vanquished Creatures
  3 adders (D:2)
  An orc (D:2)
  4 ball pythons
  4 bats
  6 endoplasms
  2 giant cockroaches (D:1)
  3 goblins (D:1)
  3 hobgoblins
  2 kobolds
  2 quokkas
  A frilled lizard (D:1)
  A rat (D:1)
32 creatures vanquished.

Vanquished Creatures (others)
  101 foxfires
101 creatures vanquished.

Grand Total: 133 creatures vanquished

Table legend: (Time is in decaauts)
 A = Elapsed time spent in this place.
 B = Non-inter-level travel time spent in this place.
 C = Inter-level travel time spent in this place.
 D = Time resting spent in this place.
 E = Time spent auto-exploring this place.
 F = Levels seen in this place.
 G = Mean time per level.
                   A        B        C        D        E       F      G
               +--------+--------+--------+--------+--------+-----+--------+
         Total |   1647 |   1639 |      8 |      0 |   1335 |   2 |  823.5 |
       Dungeon |   1647 |   1639 |      8 |      0 |   1335 |   2 |  823.5 |
               +--------+--------+--------+--------+--------+-----+--------+

Top non-repeatable levels by time:
     D:1: 897 daAuts
     D:2: 750 daAuts

Table legend:
 A = Non-vault XP
 B = Vault XP
 C = Vault XP percentage of total XP
 D = Non-vault monster count
 E = Vault monster count
 F = Vault count percentage of total count
                 A         B        C        D         E       F
            +---------+---------+-------+---------+---------+-------
      Total |      94 |       0 |   0.0 |      32 |       0 |   0.0
            +---------+---------+-------+---------+---------+-------
        D:1 |      34 |       0 |   0.0 |      19 |       0 |   0.0
        D:2 |      60 |       0 |   0.0 |      13 |       0 |   0.0
            +---------+---------+-------+---------+---------+-------
